Steven, chaotic male elven Wizard ----- |..<+ -)..| |...| |...| #@# |...| # # -----############### # #-.------------ # .............. |............| |....(.......| |............| |............| -------------- Steven the Thaumaturge Experience level: 7 Strength: 9 Dexterity: 15 Constitution: 14 Intelligence: 18 Wisdom: 10 Charisma: 10 Health: 0(39) Energy: 13(67) AC: 5 Gold: 364 Moves: 2201 Your Inventory: Coins $ - 364 gold pieces Weapons G - a [blessed +0] elven dagger (weapon in hand) Armor b - an uncursed +0 cloak of magic resistance u - an [uncursed] +0 pair of speed boots (being worn) v - an [uncursed] +0 studded leather armor (being worn) x - an [uncursed] +0 cloak of displacement (being worn) Comestibles C - an [uncursed stale] egg N - an [uncursed] fortune cookie P - an [uncursed] lichen corpse Scrolls i - an uncursed scroll of enchant weapon j - an uncursed scroll of light k - an uncursed scroll of identify w - a [blessed] scroll labeled VAS CORP BET MANI [of teleportation] H - an [uncursed] scroll labeled GARVEN DEH [of create monster] L - an [uncursed] scroll labeled HZLRC KSTSBD MPFNG [of enchant armor] Spellbooks l - a blessed spellbook of force bolt m - an uncursed spellbook of protection Potions g - an uncursed potion of levitation h - an uncursed potion of invisibility q - a [cursed] clear potion [of unholy water] A - an [uncursed] silver potion [of sleeping] J - a [blessed] dark green potion [of object detection] O - a [blessed] greasy potion [of booze] S - an [uncursed] murky potion [of gain energy] Rings d - an uncursed ring of sustain ability e - an uncursed ring of see invisible (on right hand) Wands c - an uncursed wand of create monster (0:12) Q - an [uncursed] short wand [of speed monster (0:6)] Tools n - an uncursed bell M - an [uncursed] bag of tricks [0:17] Spells known in the end: Name Level Category Fail Memory a - force bolt 1 attack 0% [||||||||] b - protection 1 clerical 0% [||||||||] Your skills at the end: Fighting Skills Weapon Skills quarterstaff [Basic] Spellcasting Skills attack spells [Basic] enchantment spells [Basic] Final Attributes: You were piously aligned. Hunger level was 175. Your alignment was 20 / 21. Monster difficulty range was 1 - 7. Level difficulty was 7. You were immune to sleep. You were blinded. You saw invisible. You had infravision. You were displaced. You were very fast. Your luck was zero. You are dead. Vanquished creatures: 2 leprechauns a gnome king a soldier ant a snow ant a wood nymph a mountain nymph 4 Uruk-hai 2 gnome lords a barrow wight a floating eye 2 hill orcs a centipede 4 dwarf zombies 2 acid blobs 2 hobbits a large kobold 2 giant rats a green mold 5 gnomes 4 geckos 2 foxes a kobold a goblin 5 grid bugs 6 lichens 2 newts 56 creatures vanquished. Voluntary challenges: You used a wielded weapon 58 times. You read items or engraved 2 times. You put on armor 8 times. You never genocided any monsters. You never polymorphed an object. You never changed form. You used no wishes. You wrote Elbereth's name 2 times. You never encountered a bones level. You never used any Sokoban shortcuts. Dungeon overview: The Dungeons of Doom: levels 1 to 7 Level 1 a fountain a long staircase Level 2 an armor shop, an altar, some fountains Level 3 stairs to The Gnomish Mines Level 4 a fountain Level 6 many fountains Level 7 <- You were here The Gnomish Mines: Level 4 stairs to The Dungeons of Doom History has recorded: On T:1 you entered the Dungeons of Doom to retrieve the Amulet of Yendor! On T:177 you reached level 2 of The Dungeons of Doom. On T:235 you advanced to experience level 2. On T:302 you reached level 3 of The Dungeons of Doom. On T:325 you advanced to experience level 3. On T:695 you advanced to experience level 4. On T:778 you reached level 4 of The Dungeons of Doom. On T:914 you reached level 1 of The Gnomish Mines. On T:1117 you advanced to experience level 5. On T:1488 you advanced to experience level 6. On T:1515 you reached level 5 of The Dungeons of Doom. On T:1736 you reached level 6 of The Dungeons of Doom. On T:1844 you reached level 7 of The Dungeons of Doom. On T:1897 you advanced to experience level 7. Latest messages: [HP+1=35] [HP+1=36] [HP+1=37] You stop waiting. [46 turns] Pick an object. Never mind. [HP+1=38] This door is locked. (2x) A trap door opens up under you! You see here a blindfold. [HP+1=39] Pick an object. Never mind. The hobbit zaps a forked wand! The bolt of lightning hits you! Your wand of striking breaks apart and explodes! You are blinded by the flash! The bolt of lightning bounces! The bolt of lightning hits you! You die... Final status: Goodbye Steven the Wizard... You died in The Dungeons of Doom on dungeon level 7 with 6588 points, and 364 pieces of gold, after 2201 moves. You were level 7 with a maximum of 39 hit points when you died.